Workbook

Sheet Budget
A1: SaaS Budget Template (12 months)
A2: Change the blue cells on light yellow. Every other number is a live formula. Live version: https://adlega.com/blog/tools/saas-budget/
A4: Drivers | D4: Summary
A5: First month of the plan | B5: 46388 | D5: Ending ARR | F5: =C51*12
A6: Starting MRR | B6: 40000 | D6: Revenue for the year | F6: =D52
A7: New MRR per month | B7: 4000 | D7: Gross margin | F7: =IF(D52>0,F52/D52,"")
A8: Monthly churn (% of MRR) | B8: 0.02 | D8: Net burn for the year | F8: =J52
A9: Monthly expansion (% of MRR) | B9: 0.01 | D9: Ending cash | F9: =K51
A10: COGS (% of revenue) | B10: 0.2 | D10: Out of cash in | F10: =IFERROR(TEXT(INDEX(B40:B51,MATCH(1,L40:L51,0)),"mmm yyyy"),"Not in the plan year")
A11: Starting cash | B11: 800000 | D11: Runway left at plan end (months) | F11: =IF(SUM(L40:L51)>0,0,IF(J51<=0,"Cash-flow positive",K51/J51))
D12: Runway = ending cash / last month net burn.
A13: Headcount (fully-loaded monthly cost per person; start = plan month 1 to 12)
A14: Role | B14: Count | C14: Cost / month | D14: Start month
A15: Engineering | B15: 3 | C15: 12000 | D15: 1
A16: Sales and marketing | B16: 2 | C16: 10000 | D16: 1
A17: G&A / operations | B17: 1 | C17: 9000 | D17: 1
A18: New engineer | B18: 1 | C18: 12000 | D18: 4
A26: Other operating costs (monthly, flat)
A27: Cost line | B27: Per month
A28: Marketing programs | B28: 8000
A29: Software and tools | B29: 4000
A30: Rent and other | B30: 5000
A36: Total other opex per month | B36: =SUM(B28:B35)
A38: Monthly budget
A39: Plan month | B39: Month | C39: MRR | D39: Revenue | E39: COGS | F39: Gross profit | G39: Payroll | H39: Other opex | I39: Total spend | J39: Net burn | K39: Ending cash | L39: Cash < 0
A40: 1 | B40: =EDATE($B$5,A40-1) | C40: =$B$6*(1-$B$8+$B$9)+$B$7 | D40: =C40 | E40: =D40*$B$10 | F40: =D40-E40 | G40: =SUMPRODUCT(($D$15:$D$24<=A40)*($D$15:$D$24<>"")*$B$15:$B$24*$C$15:$C$24) | H40: =$B$36 | I40: =E40+G40+H40 | J40: =I40-D40 | K40: =$B$11-J40 | L40: =IF(K40<0,1,0)
A41: 2 | B41: =EDATE($B$5,A41-1) | C41: =C40*(1-$B$8+$B$9)+$B$7 | D41: =C41 | E41: =D41*$B$10 | F41: =D41-E41 | G41: =SUMPRODUCT(($D$15:$D$24<=A41)*($D$15:$D$24<>"")*$B$15:$B$24*$C$15:$C$24) | H41: =$B$36 | I41: =E41+G41+H41 | J41: =I41-D41 | K41: =K40-J41 | L41: =IF(K41<0,1,0)
A42: 3 | B42: =EDATE($B$5,A42-1) | C42: =C41*(1-$B$8+$B$9)+$B$7 | D42: =C42 | E42: =D42*$B$10 | F42: =D42-E42 | G42: =SUMPRODUCT(($D$15:$D$24<=A42)*($D$15:$D$24<>"")*$B$15:$B$24*$C$15:$C$24) | H42: =$B$36 | I42: =E42+G42+H42 | J42: =I42-D42 | K42: =K41-J42 | L42: =IF(K42<0,1,0)
A43: 4 | B43: =EDATE($B$5,A43-1) | C43: =C42*(1-$B$8+$B$9)+$B$7 | D43: =C43 | E43: =D43*$B$10 | F43: =D43-E43 | G43: =SUMPRODUCT(($D$15:$D$24<=A43)*($D$15:$D$24<>"")*$B$15:$B$24*$C$15:$C$24) | H43: =$B$36 | I43: =E43+G43+H43 | J43: =I43-D43 | K43: =K42-J43 | L43: =IF(K43<0,1,0)
A44: 5 | B44: =EDATE($B$5,A44-1) | C44: =C43*(1-$B$8+$B$9)+$B$7 | D44: =C44 | E44: =D44*$B$10 | F44: =D44-E44 | G44: =SUMPRODUCT(($D$15:$D$24<=A44)*($D$15:$D$24<>"")*$B$15:$B$24*$C$15:$C$24) | H44: =$B$36 | I44: =E44+G44+H44 | J44: =I44-D44 | K44: =K43-J44 | L44: =IF(K44<0,1,0)
A45: 6 | B45: =EDATE($B$5,A45-1) | C45: =C44*(1-$B$8+$B$9)+$B$7 | D45: =C45 | E45: =D45*$B$10 | F45: =D45-E45 | G45: =SUMPRODUCT(($D$15:$D$24<=A45)*($D$15:$D$24<>"")*$B$15:$B$24*$C$15:$C$24) | H45: =$B$36 | I45: =E45+G45+H45 | J45: =I45-D45 | K45: =K44-J45 | L45: =IF(K45<0,1,0)
A46: 7 | B46: =EDATE($B$5,A46-1) | C46: =C45*(1-$B$8+$B$9)+$B$7 | D46: =C46 | E46: =D46*$B$10 | F46: =D46-E46 | G46: =SUMPRODUCT(($D$15:$D$24<=A46)*($D$15:$D$24<>"")*$B$15:$B$24*$C$15:$C$24) | H46: =$B$36 | I46: =E46+G46+H46 | J46: =I46-D46 | K46: =K45-J46 | L46: =IF(K46<0,1,0)
A47: 8 | B47: =EDATE($B$5,A47-1) | C47: =C46*(1-$B$8+$B$9)+$B$7 | D47: =C47 | E47: =D47*$B$10 | F47: =D47-E47 | G47: =SUMPRODUCT(($D$15:$D$24<=A47)*($D$15:$D$24<>"")*$B$15:$B$24*$C$15:$C$24) | H47: =$B$36 | I47: =E47+G47+H47 | J47: =I47-D47 | K47: =K46-J47 | L47: =IF(K47<0,1,0)
A48: 9 | B48: =EDATE($B$5,A48-1) | C48: =C47*(1-$B$8+$B$9)+$B$7 | D48: =C48 | E48: =D48*$B$10 | F48: =D48-E48 | G48: =SUMPRODUCT(($D$15:$D$24<=A48)*($D$15:$D$24<>"")*$B$15:$B$24*$C$15:$C$24) | H48: =$B$36 | I48: =E48+G48+H48 | J48: =I48-D48 | K48: =K47-J48 | L48: =IF(K48<0,1,0)
A49: 10 | B49: =EDATE($B$5,A49-1) | C49: =C48*(1-$B$8+$B$9)+$B$7 | D49: =C49 | E49: =D49*$B$10 | F49: =D49-E49 | G49: =SUMPRODUCT(($D$15:$D$24<=A49)*($D$15:$D$24<>"")*$B$15:$B$24*$C$15:$C$24) | H49: =$B$36 | I49: =E49+G49+H49 | J49: =I49-D49 | K49: =K48-J49 | L49: =IF(K49<0,1,0)
A50: 11 | B50: =EDATE($B$5,A50-1) | C50: =C49*(1-$B$8+$B$9)+$B$7 | D50: =C50 | E50: =D50*$B$10 | F50: =D50-E50 | G50: =SUMPRODUCT(($D$15:$D$24<=A50)*($D$15:$D$24<>"")*$B$15:$B$24*$C$15:$C$24) | H50: =$B$36 | I50: =E50+G50+H50 | J50: =I50-D50 | K50: =K49-J50 | L50: =IF(K50<0,1,0)
A51: 12 | B51: =EDATE($B$5,A51-1) | C51: =C50*(1-$B$8+$B$9)+$B$7 | D51: =C51 | E51: =D51*$B$10 | F51: =D51-E51 | G51: =SUMPRODUCT(($D$15:$D$24<=A51)*($D$15:$D$24<>"")*$B$15:$B$24*$C$15:$C$24) | H51: =$B$36 | I51: =E51+G51+H51 | J51: =I51-D51 | K51: =K50-J51 | L51: =IF(K51<0,1,0)
A52: Year | D52: =SUM(D40:D51) | E52: =SUM(E40:E51) | F52: =SUM(F40:F51) | G52: =SUM(G40:G51) | H52: =SUM(H40:H51) | I52: =SUM(I40:I51) | J52: =SUM(J40:J51) | K52: =K51

Sheet Actuals
A1: Budget vs actual and rolling forecast
A2: Set months closed, then type actual revenue and actual total spend for each closed month (blank = on budget). Drivers come from the Budget sheet.
A3: Months closed (0 to 12) | D3: 0
A5: Full-year outlook vs budget
A6: Measure | D6: Budget | E6: Outlook | F6: Variance | G6: Variance % | H6: Reading
A7: Revenue for the year | D7: =Budget!D52 | E7: =SUM(P16:P27) | F7: =E7-D7 | G7: =IF(D7=0,"",F7/ABS(D7)) | H7: =IF(ROUND(F7,2)=0,"On budget",IF(F7>0,"Favorable",IF(F7<0,"Unfavorable","")))
A8: Total spend for the year | D8: =Budget!I52 | E8: =SUM(Q16:Q27) | F8: =E8-D8 | G8: =IF(D8=0,"",F8/ABS(D8)) | H8: =IF(ROUND(F8,2)=0,"On budget",IF(F8<0,"Favorable",IF(F8>0,"Unfavorable","")))
A9: Net burn for the year | D9: =Budget!J52 | E9: =SUM(R16:R27) | F9: =E9-D9 | G9: =IF(D9=0,"",F9/ABS(D9)) | H9: =IF(ROUND(F9,2)=0,"On budget",IF(F9<0,"Favorable",IF(F9>0,"Unfavorable","")))
A10: Cash at month 12 | D10: =Budget!K51 | E10: =S27 | F10: =E10-D10 | G10: =IF(D10=0,"",F10/ABS(D10)) | H10: =IF(ROUND(F10,2)=0,"On budget",IF(F10>0,"Favorable",IF(F10<0,"Unfavorable","")))
A11: ARR at month 12 | D11: =Budget!C51*12 | E11: =O27*12 | F11: =E11-D11 | G11: =IF(D11=0,"",F11/ABS(D11)) | H11: =IF(ROUND(F11,2)=0,"On budget",IF(F11>0,"Favorable",IF(F11<0,"Unfavorable","")))
A12: Runway at month 12 (months) | D12: =Budget!F11 | E12: =IF(MIN(S16:S27)<0,0,IF(R27<=0,"Cash-flow positive",S27/R27))
A13: Re-base rule: the last closed month's actual revenue becomes the starting MRR; later months roll forward with the Budget drivers. Payroll and opex stay on budget, COGS follows forecast revenue. The forecast runs 12 months past the last close.
A15: Plan month | B15: Month | C15: Closed | D15: Actual revenue | E15: Actual spend | F15: Budget revenue | G15: Budget spend | H15: Revenue var | I15: Rev var % | J15: Revenue | K15: Spend var | L15: Spend var % | M15: Spend | N15: Basis | O15: MRR | P15: Revenue | Q15: Total spend | R15: Net burn | S15: Ending cash
A16: 1 | B16: =EDATE(Budget!$B$5,A16-1) | C16: =IF(A16<=$D$3,1,0) | F16: =Budget!D40 | G16: =Budget!I40 | H16: =IF(C16=1,IF(D16="",F16,D16)-F16,"") | I16: =IF(AND(C16=1,F16<>0),H16/ABS(F16),"") | J16: =IF(C16=1,IF(ROUND(H16,2)>0,"Favorable",IF(ROUND(H16,2)<0,"Unfavorable","On budget")),"") | K16: =IF(C16=1,IF(E16="",G16,E16)-G16,"") | L16: =IF(AND(C16=1,G16<>0),K16/ABS(G16),"") | M16: =IF(C16=1,IF(ROUND(K16,2)<0,"Favorable",IF(ROUND(K16,2)>0,"Unfavorable","On budget")),"") | N16: =IF(C16=1,"Actual",IF(A16<=$D$3+12,"Forecast","")) | O16: =IF(C16=1,IF(D16="",F16,D16),IF(A16<=$D$3+12,Budget!$B$6*(1-Budget!$B$8+Budget!$B$9)+Budget!$B$7,"")) | P16: =IF(A16<=$D$3+12,O16,"") | Q16: =IF(C16=1,IF(E16="",G16,E16),IF(A16<=$D$3+12,P16*Budget!$B$10+SUMPRODUCT((Budget!$D$15:$D$24<=A16)*(Budget!$D$15:$D$24<>"")*Budget!$B$15:$B$24*Budget!$C$15:$C$24)+Budget!$B$36,"")) | R16: =IF(A16<=$D$3+12,Q16-P16,"") | S16: =IF(A16<=$D$3+12,Budget!$B$11-R16,"")
A17: 2 | B17: =EDATE(Budget!$B$5,A17-1) | C17: =IF(A17<=$D$3,1,0) | F17: =Budget!D41 | G17: =Budget!I41 | H17: =IF(C17=1,IF(D17="",F17,D17)-F17,"") | I17: =IF(AND(C17=1,F17<>0),H17/ABS(F17),"") | J17: =IF(C17=1,IF(ROUND(H17,2)>0,"Favorable",IF(ROUND(H17,2)<0,"Unfavorable","On budget")),"") | K17: =IF(C17=1,IF(E17="",G17,E17)-G17,"") | L17: =IF(AND(C17=1,G17<>0),K17/ABS(G17),"") | M17: =IF(C17=1,IF(ROUND(K17,2)<0,"Favorable",IF(ROUND(K17,2)>0,"Unfavorable","On budget")),"") | N17: =IF(C17=1,"Actual",IF(A17<=$D$3+12,"Forecast","")) | O17: =IF(C17=1,IF(D17="",F17,D17),IF(A17<=$D$3+12,O16*(1-Budget!$B$8+Budget!$B$9)+Budget!$B$7,"")) | P17: =IF(A17<=$D$3+12,O17,"") | Q17: =IF(C17=1,IF(E17="",G17,E17),IF(A17<=$D$3+12,P17*Budget!$B$10+SUMPRODUCT((Budget!$D$15:$D$24<=A17)*(Budget!$D$15:$D$24<>"")*Budget!$B$15:$B$24*Budget!$C$15:$C$24)+Budget!$B$36,"")) | R17: =IF(A17<=$D$3+12,Q17-P17,"") | S17: =IF(A17<=$D$3+12,S16-R17,"")
A18: 3 | B18: =EDATE(Budget!$B$5,A18-1) | C18: =IF(A18<=$D$3,1,0) | F18: =Budget!D42 | G18: =Budget!I42 | H18: =IF(C18=1,IF(D18="",F18,D18)-F18,"") | I18: =IF(AND(C18=1,F18<>0),H18/ABS(F18),"") | J18: =IF(C18=1,IF(ROUND(H18,2)>0,"Favorable",IF(ROUND(H18,2)<0,"Unfavorable","On budget")),"") | K18: =IF(C18=1,IF(E18="",G18,E18)-G18,"") | L18: =IF(AND(C18=1,G18<>0),K18/ABS(G18),"") | M18: =IF(C18=1,IF(ROUND(K18,2)<0,"Favorable",IF(ROUND(K18,2)>0,"Unfavorable","On budget")),"") | N18: =IF(C18=1,"Actual",IF(A18<=$D$3+12,"Forecast","")) | O18: =IF(C18=1,IF(D18="",F18,D18),IF(A18<=$D$3+12,O17*(1-Budget!$B$8+Budget!$B$9)+Budget!$B$7,"")) | P18: =IF(A18<=$D$3+12,O18,"") | Q18: =IF(C18=1,IF(E18="",G18,E18),IF(A18<=$D$3+12,P18*Budget!$B$10+SUMPRODUCT((Budget!$D$15:$D$24<=A18)*(Budget!$D$15:$D$24<>"")*Budget!$B$15:$B$24*Budget!$C$15:$C$24)+Budget!$B$36,"")) | R18: =IF(A18<=$D$3+12,Q18-P18,"") | S18: =IF(A18<=$D$3+12,S17-R18,"")
A19: 4 | B19: =EDATE(Budget!$B$5,A19-1) | C19: =IF(A19<=$D$3,1,0) | F19: =Budget!D43 | G19: =Budget!I43 | H19: =IF(C19=1,IF(D19="",F19,D19)-F19,"") | I19: =IF(AND(C19=1,F19<>0),H19/ABS(F19),"") | J19: =IF(C19=1,IF(ROUND(H19,2)>0,"Favorable",IF(ROUND(H19,2)<0,"Unfavorable","On budget")),"") | K19: =IF(C19=1,IF(E19="",G19,E19)-G19,"") | L19: =IF(AND(C19=1,G19<>0),K19/ABS(G19),"") | M19: =IF(C19=1,IF(ROUND(K19,2)<0,"Favorable",IF(ROUND(K19,2)>0,"Unfavorable","On budget")),"") | N19: =IF(C19=1,"Actual",IF(A19<=$D$3+12,"Forecast","")) | O19: =IF(C19=1,IF(D19="",F19,D19),IF(A19<=$D$3+12,O18*(1-Budget!$B$8+Budget!$B$9)+Budget!$B$7,"")) | P19: =IF(A19<=$D$3+12,O19,"") | Q19: =IF(C19=1,IF(E19="",G19,E19),IF(A19<=$D$3+12,P19*Budget!$B$10+SUMPRODUCT((Budget!$D$15:$D$24<=A19)*(Budget!$D$15:$D$24<>"")*Budget!$B$15:$B$24*Budget!$C$15:$C$24)+Budget!$B$36,"")) | R19: =IF(A19<=$D$3+12,Q19-P19,"") | S19: =IF(A19<=$D$3+12,S18-R19,"")
A20: 5 | B20: =EDATE(Budget!$B$5,A20-1) | C20: =IF(A20<=$D$3,1,0) | F20: =Budget!D44 | G20: =Budget!I44 | H20: =IF(C20=1,IF(D20="",F20,D20)-F20,"") | I20: =IF(AND(C20=1,F20<>0),H20/ABS(F20),"") | J20: =IF(C20=1,IF(ROUND(H20,2)>0,"Favorable",IF(ROUND(H20,2)<0,"Unfavorable","On budget")),"") | K20: =IF(C20=1,IF(E20="",G20,E20)-G20,"") | L20: =IF(AND(C20=1,G20<>0),K20/ABS(G20),"") | M20: =IF(C20=1,IF(ROUND(K20,2)<0,"Favorable",IF(ROUND(K20,2)>0,"Unfavorable","On budget")),"") | N20: =IF(C20=1,"Actual",IF(A20<=$D$3+12,"Forecast","")) | O20: =IF(C20=1,IF(D20="",F20,D20),IF(A20<=$D$3+12,O19*(1-Budget!$B$8+Budget!$B$9)+Budget!$B$7,"")) | P20: =IF(A20<=$D$3+12,O20,"") | Q20: =IF(C20=1,IF(E20="",G20,E20),IF(A20<=$D$3+12,P20*Budget!$B$10+SUMPRODUCT((Budget!$D$15:$D$24<=A20)*(Budget!$D$15:$D$24<>"")*Budget!$B$15:$B$24*Budget!$C$15:$C$24)+Budget!$B$36,"")) | R20: =IF(A20<=$D$3+12,Q20-P20,"") | S20: =IF(A20<=$D$3+12,S19-R20,"")
A21: 6 | B21: =EDATE(Budget!$B$5,A21-1) | C21: =IF(A21<=$D$3,1,0) | F21: =Budget!D45 | G21: =Budget!I45 | H21: =IF(C21=1,IF(D21="",F21,D21)-F21,"") | I21: =IF(AND(C21=1,F21<>0),H21/ABS(F21),"") | J21: =IF(C21=1,IF(ROUND(H21,2)>0,"Favorable",IF(ROUND(H21,2)<0,"Unfavorable","On budget")),"") | K21: =IF(C21=1,IF(E21="",G21,E21)-G21,"") | L21: =IF(AND(C21=1,G21<>0),K21/ABS(G21),"") | M21: =IF(C21=1,IF(ROUND(K21,2)<0,"Favorable",IF(ROUND(K21,2)>0,"Unfavorable","On budget")),"") | N21: =IF(C21=1,"Actual",IF(A21<=$D$3+12,"Forecast","")) | O21: =IF(C21=1,IF(D21="",F21,D21),IF(A21<=$D$3+12,O20*(1-Budget!$B$8+Budget!$B$9)+Budget!$B$7,"")) | P21: =IF(A21<=$D$3+12,O21,"") | Q21: =IF(C21=1,IF(E21="",G21,E21),IF(A21<=$D$3+12,P21*Budget!$B$10+SUMPRODUCT((Budget!$D$15:$D$24<=A21)*(Budget!$D$15:$D$24<>"")*Budget!$B$15:$B$24*Budget!$C$15:$C$24)+Budget!$B$36,"")) | R21: =IF(A21<=$D$3+12,Q21-P21,"") | S21: =IF(A21<=$D$3+12,S20-R21,"")
A22: 7 | B22: =EDATE(Budget!$B$5,A22-1) | C22: =IF(A22<=$D$3,1,0) | F22: =Budget!D46 | G22: =Budget!I46 | H22: =IF(C22=1,IF(D22="",F22,D22)-F22,"") | I22: =IF(AND(C22=1,F22<>0),H22/ABS(F22),"") | J22: =IF(C22=1,IF(ROUND(H22,2)>0,"Favorable",IF(ROUND(H22,2)<0,"Unfavorable","On budget")),"") | K22: =IF(C22=1,IF(E22="",G22,E22)-G22,"") | L22: =IF(AND(C22=1,G22<>0),K22/ABS(G22),"") | M22: =IF(C22=1,IF(ROUND(K22,2)<0,"Favorable",IF(ROUND(K22,2)>0,"Unfavorable","On budget")),"") | N22: =IF(C22=1,"Actual",IF(A22<=$D$3+12,"Forecast","")) | O22: =IF(C22=1,IF(D22="",F22,D22),IF(A22<=$D$3+12,O21*(1-Budget!$B$8+Budget!$B$9)+Budget!$B$7,"")) | P22: =IF(A22<=$D$3+12,O22,"") | Q22: =IF(C22=1,IF(E22="",G22,E22),IF(A22<=$D$3+12,P22*Budget!$B$10+SUMPRODUCT((Budget!$D$15:$D$24<=A22)*(Budget!$D$15:$D$24<>"")*Budget!$B$15:$B$24*Budget!$C$15:$C$24)+Budget!$B$36,"")) | R22: =IF(A22<=$D$3+12,Q22-P22,"") | S22: =IF(A22<=$D$3+12,S21-R22,"")
A23: 8 | B23: =EDATE(Budget!$B$5,A23-1) | C23: =IF(A23<=$D$3,1,0) | F23: =Budget!D47 | G23: =Budget!I47 | H23: =IF(C23=1,IF(D23="",F23,D23)-F23,"") | I23: =IF(AND(C23=1,F23<>0),H23/ABS(F23),"") | J23: =IF(C23=1,IF(ROUND(H23,2)>0,"Favorable",IF(ROUND(H23,2)<0,"Unfavorable","On budget")),"") | K23: =IF(C23=1,IF(E23="",G23,E23)-G23,"") | L23: =IF(AND(C23=1,G23<>0),K23/ABS(G23),"") | M23: =IF(C23=1,IF(ROUND(K23,2)<0,"Favorable",IF(ROUND(K23,2)>0,"Unfavorable","On budget")),"") | N23: =IF(C23=1,"Actual",IF(A23<=$D$3+12,"Forecast","")) | O23: =IF(C23=1,IF(D23="",F23,D23),IF(A23<=$D$3+12,O22*(1-Budget!$B$8+Budget!$B$9)+Budget!$B$7,"")) | P23: =IF(A23<=$D$3+12,O23,"") | Q23: =IF(C23=1,IF(E23="",G23,E23),IF(A23<=$D$3+12,P23*Budget!$B$10+SUMPRODUCT((Budget!$D$15:$D$24<=A23)*(Budget!$D$15:$D$24<>"")*Budget!$B$15:$B$24*Budget!$C$15:$C$24)+Budget!$B$36,"")) | R23: =IF(A23<=$D$3+12,Q23-P23,"") | S23: =IF(A23<=$D$3+12,S22-R23,"")
A24: 9 | B24: =EDATE(Budget!$B$5,A24-1) | C24: =IF(A24<=$D$3,1,0) | F24: =Budget!D48 | G24: =Budget!I48 | H24: =IF(C24=1,IF(D24="",F24,D24)-F24,"") | I24: =IF(AND(C24=1,F24<>0),H24/ABS(F24),"") | J24: =IF(C24=1,IF(ROUND(H24,2)>0,"Favorable",IF(ROUND(H24,2)<0,"Unfavorable","On budget")),"") | K24: =IF(C24=1,IF(E24="",G24,E24)-G24,"") | L24: =IF(AND(C24=1,G24<>0),K24/ABS(G24),"") | M24: =IF(C24=1,IF(ROUND(K24,2)<0,"Favorable",IF(ROUND(K24,2)>0,"Unfavorable","On budget")),"") | N24: =IF(C24=1,"Actual",IF(A24<=$D$3+12,"Forecast","")) | O24: =IF(C24=1,IF(D24="",F24,D24),IF(A24<=$D$3+12,O23*(1-Budget!$B$8+Budget!$B$9)+Budget!$B$7,"")) | P24: =IF(A24<=$D$3+12,O24,"") | Q24: =IF(C24=1,IF(E24="",G24,E24),IF(A24<=$D$3+12,P24*Budget!$B$10+SUMPRODUCT((Budget!$D$15:$D$24<=A24)*(Budget!$D$15:$D$24<>"")*Budget!$B$15:$B$24*Budget!$C$15:$C$24)+Budget!$B$36,"")) | R24: =IF(A24<=$D$3+12,Q24-P24,"") | S24: =IF(A24<=$D$3+12,S23-R24,"")
A25: 10 | B25: =EDATE(Budget!$B$5,A25-1) | C25: =IF(A25<=$D$3,1,0) | F25: =Budget!D49 | G25: =Budget!I49 | H25: =IF(C25=1,IF(D25="",F25,D25)-F25,"") | I25: =IF(AND(C25=1,F25<>0),H25/ABS(F25),"") | J25: =IF(C25=1,IF(ROUND(H25,2)>0,"Favorable",IF(ROUND(H25,2)<0,"Unfavorable","On budget")),"") | K25: =IF(C25=1,IF(E25="",G25,E25)-G25,"") | L25: =IF(AND(C25=1,G25<>0),K25/ABS(G25),"") | M25: =IF(C25=1,IF(ROUND(K25,2)<0,"Favorable",IF(ROUND(K25,2)>0,"Unfavorable","On budget")),"") | N25: =IF(C25=1,"Actual",IF(A25<=$D$3+12,"Forecast","")) | O25: =IF(C25=1,IF(D25="",F25,D25),IF(A25<=$D$3+12,O24*(1-Budget!$B$8+Budget!$B$9)+Budget!$B$7,"")) | P25: =IF(A25<=$D$3+12,O25,"") | Q25: =IF(C25=1,IF(E25="",G25,E25),IF(A25<=$D$3+12,P25*Budget!$B$10+SUMPRODUCT((Budget!$D$15:$D$24<=A25)*(Budget!$D$15:$D$24<>"")*Budget!$B$15:$B$24*Budget!$C$15:$C$24)+Budget!$B$36,"")) | R25: =IF(A25<=$D$3+12,Q25-P25,"") | S25: =IF(A25<=$D$3+12,S24-R25,"")
A26: 11 | B26: =EDATE(Budget!$B$5,A26-1) | C26: =IF(A26<=$D$3,1,0) | F26: =Budget!D50 | G26: =Budget!I50 | H26: =IF(C26=1,IF(D26="",F26,D26)-F26,"") | I26: =IF(AND(C26=1,F26<>0),H26/ABS(F26),"") | J26: =IF(C26=1,IF(ROUND(H26,2)>0,"Favorable",IF(ROUND(H26,2)<0,"Unfavorable","On budget")),"") | K26: =IF(C26=1,IF(E26="",G26,E26)-G26,"") | L26: =IF(AND(C26=1,G26<>0),K26/ABS(G26),"") | M26: =IF(C26=1,IF(ROUND(K26,2)<0,"Favorable",IF(ROUND(K26,2)>0,"Unfavorable","On budget")),"") | N26: =IF(C26=1,"Actual",IF(A26<=$D$3+12,"Forecast","")) | O26: =IF(C26=1,IF(D26="",F26,D26),IF(A26<=$D$3+12,O25*(1-Budget!$B$8+Budget!$B$9)+Budget!$B$7,"")) | P26: =IF(A26<=$D$3+12,O26,"") | Q26: =IF(C26=1,IF(E26="",G26,E26),IF(A26<=$D$3+12,P26*Budget!$B$10+SUMPRODUCT((Budget!$D$15:$D$24<=A26)*(Budget!$D$15:$D$24<>"")*Budget!$B$15:$B$24*Budget!$C$15:$C$24)+Budget!$B$36,"")) | R26: =IF(A26<=$D$3+12,Q26-P26,"") | S26: =IF(A26<=$D$3+12,S25-R26,"")
A27: 12 | B27: =EDATE(Budget!$B$5,A27-1) | C27: =IF(A27<=$D$3,1,0) | F27: =Budget!D51 | G27: =Budget!I51 | H27: =IF(C27=1,IF(D27="",F27,D27)-F27,"") | I27: =IF(AND(C27=1,F27<>0),H27/ABS(F27),"") | J27: =IF(C27=1,IF(ROUND(H27,2)>0,"Favorable",IF(ROUND(H27,2)<0,"Unfavorable","On budget")),"") | K27: =IF(C27=1,IF(E27="",G27,E27)-G27,"") | L27: =IF(AND(C27=1,G27<>0),K27/ABS(G27),"") | M27: =IF(C27=1,IF(ROUND(K27,2)<0,"Favorable",IF(ROUND(K27,2)>0,"Unfavorable","On budget")),"") | N27: =IF(C27=1,"Actual",IF(A27<=$D$3+12,"Forecast","")) | O27: =IF(C27=1,IF(D27="",F27,D27),IF(A27<=$D$3+12,O26*(1-Budget!$B$8+Budget!$B$9)+Budget!$B$7,"")) | P27: =IF(A27<=$D$3+12,O27,"") | Q27: =IF(C27=1,IF(E27="",G27,E27),IF(A27<=$D$3+12,P27*Budget!$B$10+SUMPRODUCT((Budget!$D$15:$D$24<=A27)*(Budget!$D$15:$D$24<>"")*Budget!$B$15:$B$24*Budget!$C$15:$C$24)+Budget!$B$36,"")) | R27: =IF(A27<=$D$3+12,Q27-P27,"") | S27: =IF(A27<=$D$3+12,S26-R27,"")
A28: 13 | B28: =EDATE(Budget!$B$5,A28-1) | C28: =IF(A28<=$D$3,1,0) | N28: =IF(C28=1,"Actual",IF(A28<=$D$3+12,"Forecast","")) | O28: =IF(C28=1,0,IF(A28<=$D$3+12,O27*(1-Budget!$B$8+Budget!$B$9)+Budget!$B$7,"")) | P28: =IF(A28<=$D$3+12,O28,"") | Q28: =IF(C28=1,0,IF(A28<=$D$3+12,P28*Budget!$B$10+SUMPRODUCT((Budget!$D$15:$D$24<=A28)*(Budget!$D$15:$D$24<>"")*Budget!$B$15:$B$24*Budget!$C$15:$C$24)+Budget!$B$36,"")) | R28: =IF(A28<=$D$3+12,Q28-P28,"") | S28: =IF(A28<=$D$3+12,S27-R28,"")
A29: 14 | B29: =EDATE(Budget!$B$5,A29-1) | C29: =IF(A29<=$D$3,1,0) | N29: =IF(C29=1,"Actual",IF(A29<=$D$3+12,"Forecast","")) | O29: =IF(C29=1,0,IF(A29<=$D$3+12,O28*(1-Budget!$B$8+Budget!$B$9)+Budget!$B$7,"")) | P29: =IF(A29<=$D$3+12,O29,"") | Q29: =IF(C29=1,0,IF(A29<=$D$3+12,P29*Budget!$B$10+SUMPRODUCT((Budget!$D$15:$D$24<=A29)*(Budget!$D$15:$D$24<>"")*Budget!$B$15:$B$24*Budget!$C$15:$C$24)+Budget!$B$36,"")) | R29: =IF(A29<=$D$3+12,Q29-P29,"") | S29: =IF(A29<=$D$3+12,S28-R29,"")
A30: 15 | B30: =EDATE(Budget!$B$5,A30-1) | C30: =IF(A30<=$D$3,1,0) | N30: =IF(C30=1,"Actual",IF(A30<=$D$3+12,"Forecast","")) | O30: =IF(C30=1,0,IF(A30<=$D$3+12,O29*(1-Budget!$B$8+Budget!$B$9)+Budget!$B$7,"")) | P30: =IF(A30<=$D$3+12,O30,"") | Q30: =IF(C30=1,0,IF(A30<=$D$3+12,P30*Budget!$B$10+SUMPRODUCT((Budget!$D$15:$D$24<=A30)*(Budget!$D$15:$D$24<>"")*Budget!$B$15:$B$24*Budget!$C$15:$C$24)+Budget!$B$36,"")) | R30: =IF(A30<=$D$3+12,Q30-P30,"") | S30: =IF(A30<=$D$3+12,S29-R30,"")
A31: 16 | B31: =EDATE(Budget!$B$5,A31-1) | C31: =IF(A31<=$D$3,1,0) | N31: =IF(C31=1,"Actual",IF(A31<=$D$3+12,"Forecast","")) | O31: =IF(C31=1,0,IF(A31<=$D$3+12,O30*(1-Budget!$B$8+Budget!$B$9)+Budget!$B$7,"")) | P31: =IF(A31<=$D$3+12,O31,"") | Q31: =IF(C31=1,0,IF(A31<=$D$3+12,P31*Budget!$B$10+SUMPRODUCT((Budget!$D$15:$D$24<=A31)*(Budget!$D$15:$D$24<>"")*Budget!$B$15:$B$24*Budget!$C$15:$C$24)+Budget!$B$36,"")) | R31: =IF(A31<=$D$3+12,Q31-P31,"") | S31: =IF(A31<=$D$3+12,S30-R31,"")
A32: 17 | B32: =EDATE(Budget!$B$5,A32-1) | C32: =IF(A32<=$D$3,1,0) | N32: =IF(C32=1,"Actual",IF(A32<=$D$3+12,"Forecast","")) | O32: =IF(C32=1,0,IF(A32<=$D$3+12,O31*(1-Budget!$B$8+Budget!$B$9)+Budget!$B$7,"")) | P32: =IF(A32<=$D$3+12,O32,"") | Q32: =IF(C32=1,0,IF(A32<=$D$3+12,P32*Budget!$B$10+SUMPRODUCT((Budget!$D$15:$D$24<=A32)*(Budget!$D$15:$D$24<>"")*Budget!$B$15:$B$24*Budget!$C$15:$C$24)+Budget!$B$36,"")) | R32: =IF(A32<=$D$3+12,Q32-P32,"") | S32: =IF(A32<=$D$3+12,S31-R32,"")
A33: 18 | B33: =EDATE(Budget!$B$5,A33-1) | C33: =IF(A33<=$D$3,1,0) | N33: =IF(C33=1,"Actual",IF(A33<=$D$3+12,"Forecast","")) | O33: =IF(C33=1,0,IF(A33<=$D$3+12,O32*(1-Budget!$B$8+Budget!$B$9)+Budget!$B$7,"")) | P33: =IF(A33<=$D$3+12,O33,"") | Q33: =IF(C33=1,0,IF(A33<=$D$3+12,P33*Budget!$B$10+SUMPRODUCT((Budget!$D$15:$D$24<=A33)*(Budget!$D$15:$D$24<>"")*Budget!$B$15:$B$24*Budget!$C$15:$C$24)+Budget!$B$36,"")) | R33: =IF(A33<=$D$3+12,Q33-P33,"") | S33: =IF(A33<=$D$3+12,S32-R33,"")
A34: 19 | B34: =EDATE(Budget!$B$5,A34-1) | C34: =IF(A34<=$D$3,1,0) | N34: =IF(C34=1,"Actual",IF(A34<=$D$3+12,"Forecast","")) | O34: =IF(C34=1,0,IF(A34<=$D$3+12,O33*(1-Budget!$B$8+Budget!$B$9)+Budget!$B$7,"")) | P34: =IF(A34<=$D$3+12,O34,"") | Q34: =IF(C34=1,0,IF(A34<=$D$3+12,P34*Budget!$B$10+SUMPRODUCT((Budget!$D$15:$D$24<=A34)*(Budget!$D$15:$D$24<>"")*Budget!$B$15:$B$24*Budget!$C$15:$C$24)+Budget!$B$36,"")) | R34: =IF(A34<=$D$3+12,Q34-P34,"") | S34: =IF(A34<=$D$3+12,S33-R34,"")
A35: 20 | B35: =EDATE(Budget!$B$5,A35-1) | C35: =IF(A35<=$D$3,1,0) | N35: =IF(C35=1,"Actual",IF(A35<=$D$3+12,"Forecast","")) | O35: =IF(C35=1,0,IF(A35<=$D$3+12,O34*(1-Budget!$B$8+Budget!$B$9)+Budget!$B$7,"")) | P35: =IF(A35<=$D$3+12,O35,"") | Q35: =IF(C35=1,0,IF(A35<=$D$3+12,P35*Budget!$B$10+SUMPRODUCT((Budget!$D$15:$D$24<=A35)*(Budget!$D$15:$D$24<>"")*Budget!$B$15:$B$24*Budget!$C$15:$C$24)+Budget!$B$36,"")) | R35: =IF(A35<=$D$3+12,Q35-P35,"") | S35: =IF(A35<=$D$3+12,S34-R35,"")
A36: 21 | B36: =EDATE(Budget!$B$5,A36-1) | C36: =IF(A36<=$D$3,1,0) | N36: =IF(C36=1,"Actual",IF(A36<=$D$3+12,"Forecast","")) | O36: =IF(C36=1,0,IF(A36<=$D$3+12,O35*(1-Budget!$B$8+Budget!$B$9)+Budget!$B$7,"")) | P36: =IF(A36<=$D$3+12,O36,"") | Q36: =IF(C36=1,0,IF(A36<=$D$3+12,P36*Budget!$B$10+SUMPRODUCT((Budget!$D$15:$D$24<=A36)*(Budget!$D$15:$D$24<>"")*Budget!$B$15:$B$24*Budget!$C$15:$C$24)+Budget!$B$36,"")) | R36: =IF(A36<=$D$3+12,Q36-P36,"") | S36: =IF(A36<=$D$3+12,S35-R36,"")
A37: 22 | B37: =EDATE(Budget!$B$5,A37-1) | C37: =IF(A37<=$D$3,1,0) | N37: =IF(C37=1,"Actual",IF(A37<=$D$3+12,"Forecast","")) | O37: =IF(C37=1,0,IF(A37<=$D$3+12,O36*(1-Budget!$B$8+Budget!$B$9)+Budget!$B$7,"")) | P37: =IF(A37<=$D$3+12,O37,"") | Q37: =IF(C37=1,0,IF(A37<=$D$3+12,P37*Budget!$B$10+SUMPRODUCT((Budget!$D$15:$D$24<=A37)*(Budget!$D$15:$D$24<>"")*Budget!$B$15:$B$24*Budget!$C$15:$C$24)+Budget!$B$36,"")) | R37: =IF(A37<=$D$3+12,Q37-P37,"") | S37: =IF(A37<=$D$3+12,S36-R37,"")
A38: 23 | B38: =EDATE(Budget!$B$5,A38-1) | C38: =IF(A38<=$D$3,1,0) | N38: =IF(C38=1,"Actual",IF(A38<=$D$3+12,"Forecast","")) | O38: =IF(C38=1,0,IF(A38<=$D$3+12,O37*(1-Budget!$B$8+Budget!$B$9)+Budget!$B$7,"")) | P38: =IF(A38<=$D$3+12,O38,"") | Q38: =IF(C38=1,0,IF(A38<=$D$3+12,P38*Budget!$B$10+SUMPRODUCT((Budget!$D$15:$D$24<=A38)*(Budget!$D$15:$D$24<>"")*Budget!$B$15:$B$24*Budget!$C$15:$C$24)+Budget!$B$36,"")) | R38: =IF(A38<=$D$3+12,Q38-P38,"") | S38: =IF(A38<=$D$3+12,S37-R38,"")
A39: 24 | B39: =EDATE(Budget!$B$5,A39-1) | C39: =IF(A39<=$D$3,1,0) | N39: =IF(C39=1,"Actual",IF(A39<=$D$3+12,"Forecast","")) | O39: =IF(C39=1,0,IF(A39<=$D$3+12,O38*(1-Budget!$B$8+Budget!$B$9)+Budget!$B$7,"")) | P39: =IF(A39<=$D$3+12,O39,"") | Q39: =IF(C39=1,0,IF(A39<=$D$3+12,P39*Budget!$B$10+SUMPRODUCT((Budget!$D$15:$D$24<=A39)*(Budget!$D$15:$D$24<>"")*Budget!$B$15:$B$24*Budget!$C$15:$C$24)+Budget!$B$36,"")) | R39: =IF(A39<=$D$3+12,Q39-P39,"") | S39: =IF(A39<=$D$3+12,S38-R39,"")
A41: Year to date (closed months) | F41: =SUMIF(C16:C27,1,F16:F27) | G41: =SUMIF(C16:C27,1,G16:G27) | H41: =SUMIF(C16:C27,1,H16:H27) | K41: =SUMIF(C16:C27,1,K16:K27)

Sheet About
A1: Free template by Adlega
A2: Live budget template and rolling forecast: https://adlega.com/blog/tools/saas-budget/
A3: Version: October 2026
A5: This template is a planning aid, not advice. It is not tax, legal, accounting or investment advice; check the numbers with your own advisers before you act on them.
A6: Blue cells on a light yellow background are inputs. Every other number is a live formula that mirrors the web calculator.
A8: How it works: MRR each month = last month's MRR x (1 - churn + expansion) + new MRR. Revenue in a month = that month's MRR.
A9: COGS = COGS % x revenue. Payroll = every headcount line whose start month has arrived, count x fully-loaded monthly cost. Net burn = COGS + payroll + other opex - revenue.
A10: Variance = actual minus budget. Revenue above budget is favorable; spend above budget is unfavorable.
A11: Rolling forecast: closed months use actuals; the last closed month's revenue becomes the new MRR and later months roll forward with the same drivers. It runs 12 months past the last close.
A13: Adlega is a financial forecasting and planning app for SaaS founders: https://adlega.com
